 Dungeon Crawl Stone Soup version 0.29.1-2-gbd0b4ee654 (webtiles) character file.

Game seed: 13324319004386694107

8596 Firos the Destroyer (level 11, -4/61 HPs)
             Began as a Deep Elf Conjurer on Nov 13, 2022.
             Was a Believer of Vehumet.
             Slain by a two-headed ogre
             ... wielding a +0 giant club
              (35 damage)
             ... on level 10 of the Dungeon.
             The game lasted 00:27:02 (11257 turns).

Firos the Destroyer (Deep Elf Conjurer)            Turns: 11257, Time: 00:27:03

Health: -4/61      AC:  8    Str:  4    XL:     11   Next: 12%
Magic:  1/27       EV: 13    Int: 33    God:    Vehumet [**....]
Gold:   491        SH:  5    Dex: 13    Spells: 13/30 levels left

rFire   . . .      SeeInvis +   m - +9 rapier "Impslayer" {vorpal, *Rage rC+ Int+5}
rCold   + . .      Faith    .   (no shield)
rNeg    . . .      Spirit   .   d - +0 troll leather armour
rPois   .          Reflect  +   y - +0 helmet
rElec   .          Harm     .   i - +1 cloak
rCorr   .          Rampage  .   A - +0 pair of gloves
Will    +....      Rage     20% (no boots)
Stlth   ++........              p - amulet of reflection
HPRegen 1.00/turn               l - ring of see invisible
MPRegen 0.20/turn               q - ring of wizardry

@: no status effects
A: no striking features
a: Renounce Religion


You were on level 10 of the Dungeon.
You worshipped Vehumet.
Vehumet was pleased with you.
You visited 1 branch of the dungeon, and saw 10 of its levels.

You collected 491 gold pieces.

Inventory:

Hand Weapons
 m - the +9 rapier "Impslayer" (weapon) {vorpal, *Rage rC+ Int+5}
   (You found it on level 2 of the Dungeon)

   It inflicts extra damage upon your enemies.
   Int:       It affects your intelligence (+5).
   rC:        It protects you from cold.
   *Rage:     It berserks you when you make melee attacks (+20% chance).
Armour
 d - a +0 troll leather armour (worn)
 i - a +1 cloak (worn)
 r - a +0 buckler
 v - a +0 robe of fire resistance
 y - a +0 helmet (worn)
 A - a +0 pair of gloves (worn)
Jewellery
 l - a ring of see invisible (left hand)
 p - an amulet of reflection (around neck)
 q - a ring of wizardry (right hand)
 t - an amulet of guardian spirit
 E - a ring of resist corrosion
Wands
 h - a wand of digging (11)
 D - a wand of polymorph (5)
Scrolls
 a - a scroll of silence
 e - a scroll of vulnerability
 g - 3 scrolls of fog
 j - 2 scrolls of blinking
 u - 3 scrolls of teleportation
 x - 2 scrolls of enchant armour
 z - a scroll of enchant weapon
 B - a scroll of fear {unknown}
 C - 2 scrolls of amnesia {unknown}
Potions
 b - 2 potions of magic
 c - 2 potions of mutation
 f - a potion of might
 k - a potion of curing
 n - 3 potions of haste
 o - a potion of resistance
 s - a potion of lignification
 w - a potion of flight {unknown}


   Skills:
 + Level 4.3 Fighting
 + Level 6.7 Dodging
 - Level 2.4 Stealth
 + Level 10.4 Spellcasting
 * Level 12.7 Conjurations
 - Level 6.9 Translocations
 * Level 5.2 Fire Magic


You had 13 spell levels left.
You knew the following spells:

 Your Spells              Type           Power      Damage    Failure   Level
a - Magic Dart            Conj           100%       1d8       1%          1
b - Searing Ray           Conj           100%       2d8       1%          2
c - Teleport Other        Tloc           58%        N/A       1%          3
d - Fulminant Prism       Conj/Hex       28%        3d14      1%          4
e - Iskenderun's Mystic   Conj/Tloc      70%        2d14      1%          4
f - Blink                 Tloc           100%       N/A       1%          2
g - Foxfire               Conj/Fire      100%       2x1d9     1%          1

Your spell library contained the following spells:

 Spells                   Type           Power      Damage    Failure   Level
 Ignite Poison            Fire/Tmut/Pois 28%        N/A       2%          3
 Beastly Appendage        Tmut           34%        N/A       1%          1
 Dazzling Flash           Conj/Hex       100%       N/A       1%          3
 Gell's Gravitas          Tloc           58%        N/A       1%          3
 Lesser Beckoning         Tloc           58%        N/A       1%          3
 Wereblood                Tmut           17%        N/A       3%          2
 Manifold Assault         Tloc           58%        N/A       3%          5
 Spider Form              Tmut/Pois      17%        N/A       6%          3
 Storm Form               Tmut/Air       8%         N/A       100%        7


Dungeon Overview and Level Annotations

Branches:
Dungeon (10/15)            Temple (0/1) D:7            Lair (0/5) D:10
    Orc (0/2) D:9

Altars:
Dithmenos
Qazlal
Vehumet

Shops:
D:6 =

Annotations:
D:10 4 runed translucent doors


Message History

You conjure a prism of explosive energy!
A fulminant prism comes into view.
The two-headed ogre hits your fulminant prism with a +0 giant club!!
Your fulminant prism detonates feebly.
Casting: Fulminant Prism (dangerous; 1% risk of failure)
Confirm with . or Enter, or press ? or * to list all spells.
Aiming: Fulminant Prism (dangerous; 1% risk of failure)
Press: ? - help, Dir - move target You conjure a prism of explosive energy!
A fulminant prism comes into view.
Your fulminant prism crackles loudly.
Your fulminant prism explodes!
The blast of energy engulfs the two-headed ogre!
The two-headed ogre is severely wounded.
The blast of energy engulfs the plant!!
The plant begins to die.
The plant is lightly damaged.
Unknown command.
Casting: Fulminant Prism (dangerous; 1% risk of failure)
Confirm with . or Enter, or press ? or * to list all spells.
Okay, then.
The magic dart hits the two-headed ogre but does no damage.
The two-headed ogre is severely wounded.
The magic dart hits the two-headed ogre!
The two-headed ogre is almost dead.
The magic dart hits the two-headed ogre.
The two-headed ogre is almost dead.
A nearby plant withers and dies.
The magic dart hits the two-headed ogre but does no damage.
The two-headed ogre is almost dead.
Casting: Magic Dart (safe; 1% risk of failure)
Confirm with . or Enter, or press ? or * to list all spells.
You don't have enough magic to cast this spell.
The two-headed ogre attacks as you move away!
The two-headed ogre closely misses you.
The two-headed ogre hits you with a +0 giant spiked club!
The two-headed ogre attacks as you move away!
The two-headed ogre hits you with a +0 giant club!!
The two-headed ogre hits you with a +0 giant spiked club!!
Ouch! That really hurt!
You die...

######### ##########
#.......# #........#
#.......# #........+
#..<....#######........#
#
#.............#@O......#
.
#.......#####.'........#
# #..>....# ###........#
. ##.###### #.........##
#+ #...# #...♣.......##
#. ###.##
#...P.♣.......# ##. #..#
##.......$.....#####..
##.##
#.P...............#..#
#..#
#....P♣.........#.#'##


You could see a two-headed ogre.

Vanquished Creatures
  A sixfirhy (D:9)
  2 trolls
  Prince Ribbit (D:8)
  Sigmund (D:5)
  13 yaks
  A vampire (D:10)
  3 wyverns
  4 steam dragons
  A vampire mosquito (D:10)
  A basilisk (D:10)
  An acid dragon (D:10)
  6 water moccasins
  A sky beast (D:7)
  A swamp drake (D:9)
  2 ice beasts
  2 orc warriors
  A black bear (D:6)
  3 ogres
  A phantom (D:4)
  4 centaurs
  2 kobold brigands
  2 necrophages (D:5)
  6 scorpions
  5 bullfrogs
  A howler monkey (D:7)
  An electric eel (D:7)
  3 hounds
  3 jellies
  5 orc priests
  A gnoll bouda (D:8)
  4 iguanas
  12 orc wizards
  9 gnolls (D:8)
  7 adders
  4 white imps
  2 ufetubi
  3 worms
  3 dart slugs
  32 orcs
  14 endoplasms
  3 giant cockroaches
  7 goblins
  4 hobgoblins
  2 jackals (D:2)
  2 quokkas
  8 ball pythons
  6 bats
  2 frilled lizards (D:2)
  19 kobolds
  7 rats
229 creatures vanquished.

Vanquished Creatures (others)
  75 fulminant prisms
  6 fungi (D:10)
  20 plants (D:10)
101 creatures vanquished.

Grand Total: 330 creatures vanquished

Notes
Turn   | Place    | Note
-------+----------+-------------------------------------------
     0 | D:1      | Firos the Deep Elf Conjurer began the quest for the Orb.
     0 | D:1      | Reached XP level 1. HP: 10/10 MP: 6/6
   206 | D:1      | Reached XP level 2. HP: 9/15 MP: 0/8
   209 | D:1      | Learned a level 2 spell: Searing Ray
   526 | D:1      | Reached skill level 5 in Conjurations
   889 | D:2      | Reached XP level 3. HP: 19/19 MP: 4/10
   893 | D:2      | Learned a level 3 spell: Teleport Other
  1196 | D:2      | Reached XP level 4. HP: 24/24 MP: 9/12
  1201 | D:2      | Learned a level 4 spell: Fulminant Prism
  1229 | D:2      | Identified the +9 rapier "Impslayer" {vorpal, *Rage rC+
                  | Int+5}
  1769 | D:2      | Found a faded altar of an unknown god.
  2410 | D:3      | Reached skill level 6 in Conjurations
  2410 | D:3      | Reached skill level 1 in Translocations
  2658 | D:3      | Reached XP level 5. HP: 28/28 MP: 6/13
  3065 | D:4      | Reached skill level 5 in Spellcasting
  3175 | D:4      | Learned a level 4 spell: Iskenderun's Mystic Blast
  3553 | D:4      | Noticed a phantom
  3558 | D:4      | Killed a phantom
  3559 | D:4      | Reached XP level 6. HP: 32/32 MP: 8/15
  3759 | D:4      | Reached skill level 7 in Conjurations
  3817 | D:4      | Learned a level 2 spell: Blink
  4003 | D:5      | Entered Level 5 of the Dungeon
  4007 | D:5      | Noticed Sigmund
  4018 | D:5      | Killed Sigmund
  4019 | D:5      | Reached XP level 7. HP: 35/36 MP: 1/18
  4142 | D:5      | Reached skill level 8 in Conjurations
  4736 | D:5      | Reached XP level 8. HP: 41/41 MP: 1/20
  5020 | D:5      | Noticed a troll
  5127 | D:5      | Killed a troll
  5128 | D:5      | Reached skill level 9 in Conjurations
  5302 | D:5      | Reached skill level 5 in Translocations
  5619 | D:5      | Found a stormy altar of Qazlal.
  5619 | D:5      | Found a radiant altar of Vehumet.
  5770 | D:5      | Became a worshipper of Vehumet
  6250 | D:6      | Reached skill level 10 in Conjurations
  6406 | D:6      | Found Wisaceutz's Jewellery Emporium.
  6738 | D:7      | Reached skill level 1 in Fighting
  6738 | D:7      | Reached XP level 9. HP: 47/47 MP: 17/23
  7442 | D:7      | Found a staircase to the Ecumenical Temple.
  7605 | D:8      | Noticed Prince Ribbit
  7608 | D:8      | Killed Prince Ribbit
  7612 | D:8      | Reached * piety under Vehumet
  7612 | D:8      | Offered knowledge of Foxfire by Vehumet.
  7945 | D:8      | Reached skill level 11 in Conjurations
  8115 | D:8      | Reached skill level 5 in Dodging
  8135 | D:8      | Reached XP level 10. HP: 55/55 MP: 9/25
  9117 | D:9      | Learned a level 1 spell: Foxfire
  9130 | D:9      | Reached skill level 1 in Fire Magic
  9330 | D:9      | Found a runed translucent door.
  9335 | D:9      | Noticed a sixfirhy
  9676 | D:9      | Reached ** piety under Vehumet
  9699 | D:9      | Offered knowledge of Shock by Vehumet.
  9763 | D:9      | Reached skill level 12 in Conjurations
 10066 | D:9      | Found a shadowy altar of Dithmenos.
 10202 | D:9      | Killed a sixfirhy
 10203 | D:9      | Reached skill level 10 in Spellcasting
 10562 | D:9      | Found a staircase to the Orcish Mines.
 10683 | D:10     | Entered Level 10 of the Dungeon
 10718 | D:10     | Found a large runed translucent door.
 10719 | D:10     | Found a large runed translucent door.
 10723 | D:10     | Found a large runed translucent door.
 10723 | D:10     | Found a large runed translucent door.
 10724 | D:10     | Noticed an eight-headed hydra
 10724 | D:10     | Noticed a centaur warrior
 10908 | D:10     | Offered knowledge of Ignite Poison by Vehumet.
 10918 | D:10     | Reached XP level 11. HP: 61/61 MP: 7/27
 10919 | D:10     | Noticed an ogre mage
 10921 | D:10     | Noticed a two-headed ogre
 10925 | D:10     | Found a staircase to the Lair.
 11088 | D:10     | Reached skill level 5 in Fire Magic
 11257 | D:10     | Slain by a two-headed ogre

Illustrated notes

Levels and vault maps discovered:
D:1:      tarquinn_simple_flora_water_b, layout_rooms
D:2:      layout_rooms, serial_curves, eino_curves_01, eino_curves_02,
          eino_curves_04, eino_curves_01,
          hellmonk_ecumenical_altar_inner_sanctum
D:3:      layout_loops_ring
D:4:      layout_loops_ring, minmay_a_box_with_orc_wizards_in_it
D:5:      cheibrodos_barr_body, layout_loops_ring,
          gammafunk_temple_overflow_elements, uniq_sigmund
D:6:      layout_loops_ring, serial_shops, shop, minmay_holes,
          minmay_misc_feat_diagonals
D:7:      layout_rooms, temple_hall, kennysheep_cluttered_room
D:8:      layout_basic, uniq_prince_ribbit1
D:9:      cheibrodos_shockbox, layout_basic, grunt_dithmenos_smoke_and_mirrors,
          erik_orc_1
D:10:     layout_roguey, jmf_multi_god_temple, minmay_lair_entry_grove,
          enter_bailey_2, minivault_16, minmay_hollow_rounded_squares, uniq_urug

Skill      XL: |  1  2  3  4  5  6  7  8  9 10 11 |
---------------+----------------------------------+-----
Conjurations   | 5 6 7 8 10 11 12 | 12.7
Spellcasting   | 4 5 6 8 9 10 | 10.4
Translocations | 1 2 3 4 5 6 |  6.9
Dodging        | 3 5 6 |  6.7
Fighting       | 1 2 4 |  4.3
Fire Magic     | 4 5 |  5.2
Stealth        | |  2.4

Action                   |  1- 3 |  4- 6 |  7- 9 | 10-12 || total
-------------------------+-------+-------+-------+-------++-------
Melee: Unarmed           |     9 |       |       |       ||     9
       Rapier            |       |     3 |     3 |     6 ||    12
       Punch             |       |       |       |     1 ||     1
 Cast: Magic Dart        |    70 |    97 |   167 |   111 ||   445
       Searing Ray       |       |     2 |    19 |     6 ||    27
       Fulminant Prism   |       |     6 |    32 |    37 ||    75
       Iskenderun's Myst |       |     2 |     6 |    11 ||    19
  Use: Scroll            |       |     5 |     5 |     6 ||    16
       Potion            |       |       |     8 |       ||     8
 Stab: Sleeping          |       |     2 |       |       ||     2
Armor: Robe              |     2 |     1 |     1 |       ||     4
       Troll leather arm |       |       |     7 |     9 ||    16
Dodge: Dodged            |     5 |     3 |    31 |    35 ||    74
Block: Other             |       |     1 |    13 |     8 ||    22
       Reflection        |       |       |     1 |     2 ||     3
